 Dungeon Crawl Stone Soup version 0.23.2-1-ga50397a (webtiles) character file.

Game seed: 16027790583557266179

144 schauveau the Slinger (level 5, -2/34 HPs)
             Began as a Halfling Hunter on May 2, 2019.
             Slain by Grinder (3 damage)
             ... while paralysed by Grinder
             ... on level 4 of the Dungeon.
             The game lasted 00:05:22 (2582 turns).

schauveau the Slinger (Halfling Hunter)             Turns: 2582, Time: 00:05:23

Health: -2/34      AC:  8    Str: 10 (13) XL:     5   Next: 52%
Magic:  5/5        EV:  3    Int:  8 (9)  God:
Gold:   137        SH:  0    Dex: 15 (16) Spells: 4/4 levels left

rFire    . . .     SeeInvis .   a - +4 hunting sling
rCold    . . .     Gourm    .   (shield restricted)
rNeg     . . .     Faith    .   i - +0 scale mail
rPois    .         Spirit   .   (no helmet)
rElec    .         Reflect  .   v - +1 cloak
rCorr    .         Harm     .   (no gloves)
MR       .....                  (no boots)
Stlth    ..........             (no amulet)
HPRegen  0.11/turn              (no ring)
MPRegen  0.09/turn              (no ring)

@: paralysed
A: small, mutation resistance 1
a: no special abilities


You were on level 4 of the Dungeon.
You were not hungry.

You visited 1 branch of the dungeon, and saw 5 of its levels.

You collected 137 gold pieces.

Inventory:

Hand Weapons
 a - a +4 hunting sling (weapon)
 b - a +0 short sword
Missiles
 d - 10 sling bullets (quivered)
 e - 70 stones
 j - 4 javelins
 q - 54 bolts
Armour
 c - a +0 leather armour
 i - a +0 scale mail (worn)
 v - a +1 cloak (worn)
Jewellery
 y - a +4 amulet of reflection {unknown}
Scrolls
 g - a scroll of remove curse
 l - 3 scrolls of immolation
 p - a scroll of identify
 t - a scroll of amnesia {unknown}
 x - a scroll of enchant armour
Potions
 h - a potion of degeneration
 k - a potion of curing
 m - a potion of flight {unknown}
 n - a potion of heal wounds {unknown}
 o - a potion of brilliance
 r - 2 potions of might
 s - a potion of invisibility
 u - a potion of cancellation {unknown}
 z - a potion of mutation {unknown}
 A - a potion of agility {unknown}
Comestibles
 f - 9 rations
 w - 3 chunks of flesh


   Skills:
 - Level 1.7 Fighting
 * Level 9.2 Slings
 - Level 2.1 Dodging
 - Level 1.1 Stealth


You had 4 spell levels left.
You didn't know any spells.
Your spell library was empty.

Dungeon Overview and Level Annotations

Branches:
Dungeon (5/15)
 Temple: D:4-7

Altars:

Annotations:
D:4 Grinder


Innate Abilities, Weirdness & Mutations

You are small and have problems with some larger weapons.
You are somewhat resistant to further mutation.


Message History

The sling bullet completely misses Grinder.
Grinder closely misses you.
Firing (i - inventory. (/) - cycle)
d - 11 sling bullets (quivered)
Press: ? - help, Shift-Dir - straight line, f/p - Grinder
Aim: Grinder (lightly wounded)
You shoot a sling bullet.
The sling bullet hits Grinder but does no damage.
Grinder is lightly wounded.
Grinder gestures at you.
You suddenly lose the ability to move!
Grinder gestures at you. You resist with significant effort. Grinder hits you.
* * * LOW HITPOINT WARNING * * *
You writhe in agony.
* * * LOW HITPOINT WARNING * * *
Grinder hits you.
* * * LOW HITPOINT WARNING * * *
You writhe in agony.
You die...

.....#..#
#..........#
..#<....#
#..........#
..##....#
#..........#
........#
#..........#
...####.#
#..........#
...#....#
####'#######
.....####
#.# ...[.#
#.#
....#######
#@#
..........#
#5#
....<.....#
#.#
..........#
#.#
####......#
#.# #......#
#.# +......#
#.# #......+
#(# #......#
#.#


You could see Grinder.

Vanquished Creatures
  An orc wizard (D:3)
  6 adders
  3 dart slugs
  A leopard gecko (D:2)
  7 orcs (D:3)
  2 giant cockroaches
  7 goblins
  4 hobgoblins
  7 kobolds
  A quokka (D:3)
  4 bats
  2 frilled lizards (D:1)
  8 rats
53 creatures vanquished.

Notes
Turn   | Place    | Note
-------+----------+-------------------------------------------
     0 | D:1      | schauveau the Halfling Hunter began the quest for the Orb.
     0 | D:1      | Reached XP level 1. HP: 14/14 MP: 1/1
    16 | D:1      | Reached skill level 6 in Slings
    81 | D:2      | Reached XP level 2. HP: 13/19 MP: 2/2
   668 | D:1      | Reached skill level 7 in Slings
   668 | D:1      | Reached XP level 3. HP: 19/24 MP: 3/3
  1298 | D:2      | HP: 1/24 [poisoned by an adder]
  1525 | D:2      | Reached XP level 4. HP: 20/29 MP: 4/4
  1721 | D:2      | Reached skill level 8 in Slings
  2339 | D:3      | Reached XP level 5. HP: 33/34 MP: 5/5
  2383 | D:3      | Reached skill level 9 in Slings
  2464 | D:5      | Entered Level 5 of the Dungeon
  2554 | D:4      | Noticed Grinder
  2568 | D:4      | Paralysed by Grinder for 6 turns
  2579 | D:4      | Paralysed by Grinder for 5 turns
  2582 | D:4      | HP: 1/34 [Grinder (3)]
  2582 | D:4      | Slain by Grinder

Skill      XL: |  1  2  3  4  5 |
---------------+----------------+-----
Slings         | 6 7 8 9 |  9.2
Fighting       | |  1.7
Dodging        | |  2.1
Stealth        | |  1.1

Action                   |  1- 3 |  4- 6 || total
-------------------------+-------+-------++-------
Melee: Short sword       |   137 |    39 ||   176
 Fire: Hunting sling     |     7 |    44 ||    51
  Use: Potion            |     4 |       ||     4
       Scroll            |       |    10 ||    10
 Stab: Sleeping          |     2 |       ||     2
  Eat: Chunk             |     2 |     3 ||     5
Armor: Leather armour    |    26 |     5 ||    31
       Scale mail        |       |    26 ||    26
Dodge: Dodged            |   128 |    42 ||   170
